Map: [ESL] Altitude

Players

Firefly - Winner!

  • Race: Protoss Protoss
  • Spawn Location: 1:00

Has

  • Race: Protoss Protoss
  • Spawn Location: 7:00

Event: ESL SC2 Masters 2023 Summer (Regionals)

VOD

Have the link to the VOD?

Description

Time

  • Played on: May 20, 2023, 7:50 a.m.
  • Length: 8:41

All games in this series

Show
View Real Time Build Order
Export as new Build Order

Firefly Protoss - Winner!

Build Orders:  

Get SALT Encoding   

  12  0:00  Probe  
  13  0:12  Probe  
  14  0:17  Pylon  
  14  0:24  Probe  
  15  0:35  Gateway  
  15  0:38  Probe (Chrono Boost)  
  16  0:47  Probe (Chrono Boost), Assimilator  
  17  0:52  Probe (Chrono Boost)  
  19  1:04  Probe  
  19  1:05  Assimilator  
  19  1:12  Gateway  
  19  1:16  Probe  
  20  1:24  Cybernetics Core  
  20  1:28  Probe  
  21  1:33  Pylon  
  21  1:40  Probe  
  22  1:48  Pylon  
  23  2:01  Adept x2, Warp Gate (Chrono Boost)  
  26  2:21  Robotics Facility  
  26  2:31  Stalker x2  
  30  2:42  Gateway  
  29  2:58  Pylon  
  29  3:04  Warp Prism (Chrono Boost)  
  27  3:41  Nexus  
  27  3:42  Sentry x3  
  27  3:47  Pylon  
  33  4:05  Adept x2  
  33  4:06  Adept  
  39  4:25  Immortal (Chrono Boost)  
  43  4:39  Phoenix  
  43  4:44  Pylon  
  43  4:55  Probe  
  43  4:56  Probe  
  45  5:01  Immortal (Chrono Boost)  
  49  5:07  Probe  
  49  5:08  Probe  
  49  5:12  Pylon  
  51  5:17  Pylon  
  51  5:20  Probe  
  51  5:23  Phoenix  
  51  5:41  Probe x2  
  51  5:46  Immortal  
  55  5:54  Stalker x2  
  56  6:04  Probe x2  
  53  6:20  Probe x2 (Chrono Boost)  
  55  6:28  Stargate  
  55  6:29  Probe (Chrono Boost)  
  55  6:31  Probe (Chrono Boost)  
  57  6:34  Probe (Chrono Boost)  
  57  6:35  Twilight Council  
  57  6:39  Probe (Chrono Boost)  
  59  6:46  Probe (Chrono Boost)  
  60  6:47  Shield Battery  
  60  6:51  Probe (Chrono Boost)  
  61  6:56  Probe (Chrono Boost)  
  62  7:04  Probe  
  63  7:09  Observer (Chrono Boost)  
  59  7:22  Stalker x3  
  57  7:56  Probe x2  
  59  8:00  Pylon  
  58  8:06  Stalker  
  58  8:08  Probe (Chrono Boost)  
  59  8:13  Probe (Chrono Boost)  
  65  8:20  Probe (Chrono Boost)  
  65  8:23  Probe (Chrono Boost)  
Show
View Real Time Build Order
Export as new Build Order

Has Protoss 

Build Orders:  

Get SALT Encoding   

  12  0:00  Probe  
  13  0:12  Probe  
  14  0:19  Pylon  
  14  0:24  Probe (Chrono Boost)  
  15  0:38  Gateway  
  15  0:39  Probe (Chrono Boost)  
  16  0:44  Probe (Chrono Boost)  
  16  0:47  Assimilator  
  17  0:53  Probe  
  18  1:05  Probe  
  19  1:17  Probe  
  20  1:25  Cybernetics Core  
  20  1:29  Probe  
  20  1:30  Pylon  
  20  1:32  Zealot  
  23  1:49  Probe  
  24  1:54  Assimilator  
  24  2:00  Stalker (Chrono Boost)  
  24  2:02  Probe  
  24  2:04  Warp Gate  
  27  2:15  Nexus  
  27  2:19  Probe  
  28  2:36  Robotics Facility  
  29  2:42  Probe, Stalker  
  31  2:51  Shield Battery  
  31  3:06  Probe  
  31  3:07  Pylon  
  25  3:33  Observer (Chrono Boost)  
  25  3:36  Probe x2  
  27  3:44  Immortal (Chrono Boost)  
  31  3:55  Gateway  
  31  4:09  Adept  
  33  4:19  Immortal (Chrono Boost)  
  36  4:38  Pylon  
  37  4:52  Warp Prism (Chrono Boost)  
  38  5:04  Adept x2  
  42  5:08  Probe  
  42  5:11  Probe  
  44  5:20  Probe (Chrono Boost)  
  44  5:33  Probe (Chrono Boost)  
  44  5:34  Adept x2  
  42  5:55  Probe  
  41  5:58  Probe  
  42  6:05  Adept  
  42  6:06  Adept  
  42  6:07  Probe  
  42  6:10  Probe  
  49  6:29  Probe x2  
  50  6:42  Pylon, Immortal (Chrono Boost)  
  54  6:49  Pylon  
  56  7:04  Probe (Chrono Boost)  
  56  7:06  Adept  
  52  7:09  Adept  
  52  7:12  Probe (Chrono Boost)  
  53  7:17  Probe (Chrono Boost)  
  55  7:33  Zealot  
  55  7:36  Zealot  
  57  7:42  Probe  
  56  7:49  Probe (Chrono Boost)  
  55  7:54  Probe (Chrono Boost)  
  53  8:01  Probe (Chrono Boost)  
  53  8:04  Probe (Chrono Boost)  
  55  8:07  Probe (Chrono Boost)  
  56  8:17  Stalker  
  58  8:21  Stalker  
  58  8:27  Probe (Chrono Boost)  
  60  8:30  Probe (Chrono Boost)  
Tags
 
Add a new tag
Caveats
  • Supply blocks, unpowered buildings, or Contaminate may cause inaccurate times.
  • Supply counts are checked every 10 seconds.